 Dungeon Crawl Stone Soup version 0.28.0-47-ge53b351184 (console) character file.

Game seed: 653214844774527479

2271 Cab the Cleaver (level 9, -1/63 HPs)
             Began as a Demonspawn Fighter on May 3, 2022.
             Was an Initiate of Hepliaklqana.
             Slain by an orc warrior
             ... wielding a +2 long sword of holy wrath
              (3 damage)
             ... on level 7 of the Dungeon.
             The game lasted 00:25:15 (5129 turns).

Cab the Cleaver (Demonspawn Fighter)                Turns: 5129, Time: 00:25:15

Health: -1/63      AC: 16    Str: 20    XL:     9   Next: 16%
Magic:  3/3        EV:  9    Int: 10    God:    Hepliaklqana [......]
Gold:   1172       SH:  0    Dex: 13    Spells: 8/8 levels left

rFire   . . .      SeeInvis .   a - +8 battleaxe {antimagic, *Rage Rampage}
rCold   . . .      Faith    .   (shield currently unavailable)
rNeg    . . .      Spirit   .   r - +0 scale mail
rPois   .          Reflect  .   q - +2 hat
rElec   .          Harm     .   i - +1 cloak
rCorr   .          Rampage  +   (no gloves)
Will    .....      Rage     50% k - +0 pair of boots
Stlth   ..........              g - amulet of the acrobat
HPRegen 0.20/turn               c - +4 ring of protection
MPRegen 0.08/turn               (no ring)

@: on berserk cooldown, slowed, studying Unarmed Combat, very slow
A: ignite blood 1, powered by death 1, sharp scales 1
a: Renounce Religion


You were on level 7 of the Dungeon.
You worshipped Hepliaklqana.
Hepliaklqana was noncommittal.
You visited 2 branches of the dungeon, and saw 8 of its levels.
You also visited: Ossuary.

You collected 1172 gold pieces.

Inventory:

Hand Weapons
 a - the +8 Wrath of Trog (weapon) {antimagic, *Rage Rampage}
   (You acquired it on level 5 of the Dungeon)

   It reduces the magical energy of the wielder, and disrupts the spells and
   magical abilities of those it strikes.
   Natural abilities and divine invocations are not affected.
   It causes slowness and exhaustion when equipped.
   It extends the wielder's berserk rage when killing foes.
   *Rage:     It berserks you when you make melee attacks (+50% chance).
   Rampage:   It bestows one free step when moving towards enemies.
 b - the +10 hunting sling of Suxeishre {speed, Will- Int+4}
   (You took it off an orc on level 4 of the Dungeon)

   Attacks with this weapon are significantly faster.
   Int:       It affects your intelligence (+4).
   Will:      It decreases your willpower.
 w - a +0 war axe
 C - a +4 vampiric broad axe
Missiles
 s - 108 stones (quivered)
Armour
 i - a +1 cloak (worn)
 k - a +0 pair of boots (worn)
 q - a +2 hat (worn)
 r - a +0 scale mail (worn)
Jewellery
 c - a +4 ring of protection (left hand)
 g - an amulet of the acrobat (around neck)
Wands
 t - a wand of acid (4)
 u - a wand of charming (4)
Scrolls
 m - a scroll of magic mapping
 p - a scroll of silence
 B - a scroll of blinking
Potions
 d - 3 potions of degeneration {unknown}
 e - 4 potions of cancellation {unknown}
 f - 3 potions of attraction
 h - 3 potions of lignification
 j - 3 potions of haste {unknown}
 l - 5 potions of curing
 n - 5 potions of flight {unknown}
 o - 3 potions of mutation {unknown}
 v - a potion of resistance {unknown}
 x - 2 potions of heal wounds {unknown}
 z - a potion of might
 A - a potion of brilliance {unknown}


   Skills:
 - Level 3.0 Fighting
 + Level 11.2 Axes
 + Level 1.6 Slings
 - Level 2.6 Armour
 - Level 2.6 Shields


You had 8 spell levels left.
You didn't know any spells.
Your spell library contained the following spells:

 Spells                   Type           Power      Damage    Failure   Level
 Animate Skeleton         Necr           0%         N/A       71%         1
 Apportation              Tloc           0%         N/A       71%         1
 Freeze                   Ice            0%         1d3       71%         1
 Summon Small Mammal      Summ           0%         N/A       71%         1
 Blink                    Tloc           0%         N/A       85%         2
 Call Canine Familiar     Summ           0%         N/A       97%         3
 Frozen Ramparts          Ice            0%         1d2       97%         3
 Lesser Beckoning         Tloc           0%         N/A       97%         3
 Ozocubu's Armour         Ice            0%         N/A       97%         3
 Portal Projectile        Hex/Tloc       0%         N/A       97%         3
 Hailstorm                Conj/Ice       0%         3d3       100%        4
 Leda's Liquefaction      Hex/Erth       0%         N/A       100%        4
 Manifold Assault         Tloc           0%         N/A       100%        5
 Metabolic Englaciation   Hex/Ice        0%         N/A       100%        5
 Simulacrum               Ice/Necr       0%         N/A       100%        6


Dungeon Overview and Level Annotations

Branches:
Dungeon (7/15)             Temple (1/1) D:6         Ossuary (visited)

Altars:
Ashenzari
Cheibriados
Dithmenos
Elyvilon
Fedhas
Gozag
Hepliaklqana
Makhleb
Okawaru
Qazlal
Ru
Sif Muna
Trog
Uskayaw
Vehumet
Wu Jian
Xom
Yredelemnul
Zin
The Shining One
Beogh


Innate Abilities, Weirdness & Mutations

Your demonic aura sometimes causes spilled blood to erupt in flames.
You regenerate a little health from kills.
You are partially covered in razor-sharp scales. (AC +1, Slay +1)


Message History

You hit the orc warrior but do no damage.
The orc warrior is severely wounded.
The orc warrior closely misses you.
You barely miss the orc warrior.
The orc warrior is severely wounded.
The orc warrior hits you with a +2 long sword of holy wrath.
* * * LOW HITPOINT WARNING * * *
You convulse.
* * * LOW HITPOINT WARNING * * *
The orc priest calls upon Beogh to heal the orc warrior.
The orc warrior is healed somewhat.
You feel better.
The orc warrior hits you but does no damage.
An orc comes into view. It is wielding a +0 dagger.
You completely miss the orc warrior.
The orc warrior is heavily wounded.
The orc warrior hits you but does no damage.
An iguana comes into view.
The orc priest calls upon Beogh to heal the orc warrior.
The orc warrior is healed somewhat.
Unknown command.
You closely miss the orc warrior.
You punch the orc warrior, but do no damage.
The orc warrior is moderately wounded.
The orc warrior hits you but does no damage.
You feel the dreadful sensation subside.
You feel the exhaustion of battles past.
You are exhausted.
You feel yourself slow down.
a - the +8 Wrath of Trog (weapon)
{antimagic, *Rage Rampage} The orc warrior hits you with a +2 long sword of holy wrath!
You convulse!
* * * LOW HITPOINT WARNING * * *
The orc priest begins to cast a cantrip, but forgets the words!
Okay, then.
You feel better.
The orc warrior hits you with a +2 long sword of holy wrath!
* * * LOW HITPOINT WARNING * * *
You convulse.
You die... ▒∙▒▒ ∙∙∙ ∙l∙

∙o▒ ▒o▒ ▒o▒ ∙∙∙∙▒ ▒o▒ ▒∙∙∙∙▒
▒ ▒@▒ ∙∙▒∙▒ ∙∙∙∙▒∙▒ ▒∙▒ ∙▒∙▒
▒∙∙∙▒∙ ▒∙▒ ▒∙∙∙∙▒∙∙ ▒∙∙∙∙ ▒∙▒
▒∙▒∙∙▒∙▒ ▒∙▒∙▒ ▒∙▒ ▒∙▒∙∙▒∙▒
▒▒▒▒▒▒∙▒∙▒▒▒▒▒▒▒∙▒ ▒∙▒▒∙▒∙▒
∙∙∙∙∙∙))∙∙∙∙∙∙∙∙∙▒▒▒▒▒∙▒▒>▒∙▒
▒▒▒▒▒▒)▒∙∙∙∙)∙∙∙∙∙∙∙∙▒∙▒▒∙▒∙▒
▒)▒<∙∙∙∙∙∙∙∙∙∙∙▒▒∙▒▒∙▒∙▒


You could see an orc warrior, an iguana, an orc priest and 2 orcs.

Vanquished Creatures
  Grinder (D:3)
  A hornet (D:6)
  The ghost of CInkIbrahim the Slasher, an amateur GrGl of Gozag (D:4)
  A steam dragon (D:6)
  Duvessa (D:5)
  An ice beast (D:7)
  2 black bears
  An ogre (D:6)
  A phantom (D:4)
  A centaur (D:6)
  A kobold brigand (D:7)
  A scorpion (D:4)
  Dowan (D:5)
  A bullfrog skeleton (D:6)
  A jelly (D:6)
  An orc priest (D:4)
  2 hounds
  A bullfrog zombie (D:5)
  A gnoll shaman (D:7)
  3 iguanas
  3 orc wizards
  15 mummies
  4 gnolls (D:7)
  7 adders
  A shadow imp (D:5)
  4 white imps
  An adder skeleton (D:4)
  A worm (D:2)
  A dart slug (D:5)
  28 orcs
  10 ball pythons
  7 endoplasms
  3 giant cockroaches
  4 goblins
  5 hobgoblins
  2 jackals (D:5)
  2 quokkas
  9 bats
  2 frilled lizards
  2 gnoll skeletons (Ossuary)
  3 goblin skeletons (Ossuary)
  11 kobolds
  A kobold skeleton (Ossuary)
  2 kobold zombies (D:6)
  2 orc skeletons (Ossuary)
  6 rats
  11 rat skeletons (Ossuary)
171 creatures vanquished.

Notes
Turn   | Place    | Note
-------+----------+-------------------------------------------
     0 | D:1      | Cab the Demonspawn Fighter began the quest for the Orb.
     0 | D:1      | Reached XP level 1. HP: 18/18 MP: 1/1
    53 | D:1      | Reached skill level 2 in Axes
   293 | D:1      | Gained mutation: You regenerate a little health from kills.
                  | [demonic ancestry]
   293 | D:1      | Reached XP level 2. HP: 24/24 MP: 2/2
   559 | D:1      | Reached skill level 3 in Axes
   863 | D:2      | Found a faded altar of an unknown god.
  1058 | D:2      | Reached XP level 3. HP: 29/29 MP: 3/3
  1786 | D:3      | Noticed Grinder
  1788 | D:3      | Paralysed by Grinder for 2 turns
  1792 | D:3      | Paralysed by Grinder for 2 turns
  1795 | D:3      | Killed Grinder
  1796 | D:3      | Reached skill level 5 in Axes
  1796 | D:3      | Reached XP level 4. HP: 24/35 MP: 4/4
  1796 | D:3      | Reached XP level 5. HP: 28/41 MP: 5/5
  1934 | D:3      | Reached XP level 6. HP: 47/47 MP: 6/6
  2264 | D:4      | Found a runed translucent gate.
  2264 | D:4      | Identified the +10 hunting sling of Suxeishre {speed, Will-
                  | Int+4}
  2264 | D:4      | Noticed CInkIbrahim's ghost (amateur GrGl)
  2265 | D:4      | Found a runed translucent gate.
  2266 | D:4      | Found a runed translucent gate.
  2281 | D:4      | Reached skill level 6 in Axes
  2329 | D:4      | Reached skill level 7 in Axes
  2329 | D:4      | Gained mutation: You are partially covered in razor-sharp
                  | scales. (AC +1, Slay +1) [demonic ancestry]
  2329 | D:4      | Reached XP level 7. HP: 39/52 MP: 7/7
  2665 | D:4      | Killed CInkIbrahim's ghost
  2765 | D:5      | Entered Level 5 of the Dungeon
  2776 | D:5      | Reached skill level 8 in Axes
  3000 | D:5      | Noticed Duvessa
  3002 | D:5      | Noticed Dowan
  3017 | D:5      | Killed Duvessa
  3017 | D:5      | Killed Dowan
  3018 | D:5      | Gained mutation: Your demonic aura sometimes causes spilled
                  | blood to erupt in flames. [demonic ancestry]
  3018 | D:5      | Reached XP level 8. HP: 31/58 MP: 8/8
  3034 | D:5      | Identified 2 scrolls of acquirement
  3034 | D:5      | Acquired the +8 Wrath of Trog {antimagic, *Rage Rampage}
  3034 | D:5      | Found the +8 Wrath of Trog {antimagic, *Rage Rampage}
  3043 | D:5      | Acquired a +4 ring of protection
  3141 | D:5      | Reached skill level 1 in Slings
  3142 | D:5      | Reached skill level 9 in Axes
  3449 | D:6      | Noticed a hornet
  3455 | D:6      | Killed a hornet
  3546 | D:6      | Found a sand-covered staircase.
  3552 | Ossuary  | Entered an ossuary
  3802 | Ossuary  | Acquired a manual of Unarmed Combat
  3804 | Ossuary  | Acquired 875 gold pieces
  3806 | Ossuary  | Acquired a +4 vampiric broad axe
  3825 | Ossuary  | Reached skill level 10 in Axes
  4416 | D:6      | Reached XP level 9. HP: 63/63 MP: 9/9
  4494 | D:6      | Found a staircase to the Ecumenical Temple.
  4511 | Temple   | Entered the Ecumenical Temple
  4795 | Temple   | Became a worshipper of Hepliaklqana the Forgotten
  4951 | D:7      | Reached skill level 11 in Axes
  5128 | D:7      | HP: 3/63 [orc warrior/+2 long sword of holy wrath (10)]
  5129 | D:7      | Slain by an orc warrior

Illustrated notes

Levels and vault maps discovered:
D:1:      minmay_arrival_loop, layout_loops_ring
D:2:      layout_basic, ebering_ecumenical_altar_box
D:3:      layout_basic, uniq_grinder
D:4:      layout_rooms, biasface_ghost_orc_armoury
D:5:      layout_cave_pools, eino_tiny_chamber, uniq_duvessa
D:6:      layout_basic, minmay_temple_entry_junction,
          nicolae_ossuary_entry_giza, nicolae_elevator_lobby_asterisk
D:7:      layout_basic, hex_intersection
Temple:   mainiacjoe_temple_cubbyholes

Skill      XL: |  1  2  3  4  5  6  7  8  9 |
---------------+----------------------------+-----
Axes           | 2 3 5 7 8 10 11 | 11.2
Slings         | 1 |  1.6
Fighting       | |  3.0
Armour         | |  2.6
Shields        | |  2.6

Action                   |  1- 3 |  4- 6 |  7- 9 || total
-------------------------+-------+-------+-------++-------
Melee: War axe           |   124 |    50 |    73 ||   247
       Battleaxe         |       |       |    75 ||    75
       Broad axe         |       |       |    72 ||    72
       Punch             |       |       |     4 ||     4
 Fire: Hunting sling     |       |       |     8 ||     8
  Use: Potion            |     1 |     1 |     4 ||     6
       Scroll            |       |     4 |    14 ||    18
Armor: Scale mail        |    66 |    24 |    76 ||   166
Dodge: Dodged            |    80 |    27 |    93 ||   200
Block: Buckler           |    30 |     7 |    19 ||    56
